AoeStats
← KG.专业开脑壳

Arena

504410485Analyzed
3v3 RM · 27d ago on Sep 5, 2026· 42m 53s· 6 players
Game mode
Random Map
Map size
Normal (6 player)
Population
200
Speed
Normal
Resources
Standard
Victory
Conquest
Starting age
Dark Age
Ending age
Imperial Age
RankedLock teamsTeams togetherTeam positionsShared explorationLock speedFull tech treeHidden civsTurbo modeCheats
Victory
Defeat
🇷🇺 Persians · Russia
1259
+10
🇨🇳 Burmese · China
1233
+11
🇪🇸 Italians · Spain
1210
+12
🇰🇷 Huns · South Korea
1217
-14
🇹🇼 Turks · Taiwan
1105
-10
🇬🇷 Spanish · Greece
1066
-9
SASHIME
11:41 Feudal Age
15:40 Castle Age
22:39 Imperial Age
M@nte
10:49 Feudal Age
11:30 Double-Bit Axe
14:54 Loom
18:23 Castle Age
16:19 Horse Collar
17:04 Stone Mining
17:39 Gold Mining
19:28 Heavy Plow
20:03 Bow Saw
23:27 Town Watch
26:03 Fervor
29:56 Imperial Age
28:32 Town Patrol
28:35 Padded Archer Armor
28:24 Pikeman
29:19 Forging
29:10 Scale Mail Armor
30:03 Scale Mail Armor
31:27 Conscription
32:53 Chemistry
32:14 Ballistics
32:32 Iron Casting
33:05 Wheelbarrow
33:11 Husbandry
33:41 Chain Mail Armor
35:34 Plate Mail Armor
35:24 Fortified Wall
<King>Zzaazzaa1
2:21 Loom
11:25 Feudal Age
12:03 Double-Bit Axe
12:01 Horse Collar
17:25 Castle Age
15:41 Stone Mining
18:37 Bow Saw
18:34 Heavy Plow
23:20 Wheelbarrow
23:02 Gold Mining
24:30 Scale Barding Armor
25:24 Forging
26:16 Hand Cart
27:17 Chain Barding Armor
28:57 Iron Casting
31:51 Imperial Age
30:00 Scale Mail Armor
31:36 Gold Shaft Mining
32:55 Conscription
32:38 Padded Archer Armor
33:45 Two-Man Saw
33:21 Ballistics
33:32 Thumb Ring
32:49 Pikeman
33:30 Squires
33:15 Arson
33:23 Fletching
33:48 Leather Archer Armor
33:48 Guilds
34:46 Parthian Tactics
35:04 Heavy Cavalry Archer
37:26 Chemistry
37:10 Bodkin Arrow
37:51 Plate Barding Armor
38:48 Blast Furnace
37:10 Halberdier
38:05 Masonry
38:19 Bloodlines
38:10 Husbandry
37:31 Light Cavalry
38:17 Bracer
39:11 Chain Mail Armor
40:21 Murder Holes
Romans
10:34 Feudal Age
15:02 Castle Age
12:51 Double-Bit Axe
13:12 Loom
13:16 Horse Collar
16:08 Bow Saw
22:45 Imperial Age
20:37 Gold Mining
20:55 Heavy Plow
23:32 Fletching
24:51 Two-Man Saw
25:32 Chemistry
26:25 Ballistics
26:02 Town Watch
27:28 Treadmill Crane
27:44 Murder Holes
30:21 Padded Archer Armor
31:25 Masonry
32:54 Conscription
36:08 Elite Genoese Crossbowman
37:05 Bodkin Arrow
37:31 Leather Archer Armor
43:59 Wheelbarrow
43:25 Town Patrol
43:57 Crop Rotation
44:01 Architecture
43:41 Fortified Wall
boomer2000
11:24 Feudal Age
12:54 Double-Bit Axe
15:23 Castle Age
13:15 Horse Collar
16:44 Bow Saw
21:25 Wheelbarrow
22:07 Heavy Plow
22:51 Gold Mining
22:55 Stone Mining
23:01 Stone Mining
23:55 Hand Cart
24:52 Loom
28:07 Imperial Age
25:59 Scale Barding Armor
26:04 Forging
26:54 Gold Shaft Mining
26:57 Bloodlines
26:47 Husbandry
27:10 Chain Barding Armor
28:59 Iron Casting
27:46 Heavy Camel Rider
30:48 Plate Barding Armor
29:48 Cavalier
31:12 Savar
33:35 Chemistry
32:54 Light Cavalry
33:30 Town Watch
35:06 Crop Rotation
36:41 Two-Man Saw
36:36 Stone Shaft Mining
36:46 Town Patrol
37:54 Ballistics
37:44 Masonry
37:30 Murder Holes
41:06 Blast Furnace
KG.专业开脑壳
10:37 Feudal Age
12:24 Loom
16:47 Castle Age
14:37 Horse Collar
15:29 Gold Mining
16:55 Wheelbarrow
17:38 Heavy Plow
18:46 Stone Mining
29:31 Imperial Age
27:25 Scale Mail Armor
27:38 Forging
28:44 Chain Mail Armor
28:32 Squires
28:36 Pikeman
29:10 Town Watch
30:07 Hand Cart
30:03 Arson
32:04 Plate Mail Armor
33:20 Iron Casting
32:09 Halberdier
35:41 Blast Furnace
40:02 Conscription
40:59 Crop Rotation
41:05 Town Patrol
42:09 Chemistry
40:51 Treadmill Crane
41:25 Masonry
42:10 Gold Shaft Mining
42:28 Gambesons
43:39 Ballistics
Connection lost

Rejoining the realm…

Still unreachable

The connection could not be restored.

Session expired

The server has moved on; the page needs a fresh start.